[Event "*** Titled Tuesday Blitz"]
[Site "Chess.com"]
[Date "2020.02.04"]
[Round "2"]
[White "renehp"]
[Black "SF-96"]
[Result "0-1"]
[WhiteElo "2363"]
[BlackElo "2617"]
[TimeControl "180+2"]
[EndTime "13:26:48 PST"]
[Termination "SF-96 won by resignation"]

1. e4 e5 2. Nf3 Nc6 3. Bb5 a6 4. Ba4 Nf6 5. O-O b5 6. Bb3 Bc5 7. c3 d6 8. d4 Bb6 9. a4 Rb8 10. a5 Ba7 11. h3 O-O 12. Re1 h6 13. Be3 Ra8 14. Nbd2 Bd7 15. Bc2 Re8 16. d5 Ne7 17. Bxa7 Rxa7 18. b3 Ng6 19. c4 Nf4 20.
Nf1 Qb8 21. Bd3 Nxd3 22. Qxd3 bxc4 23. bxc4 Qb4 24. Reb1 Qc5 25. N3d2 Raa8 26. Nb3 Qa7 27. Ne3 Rab8 28. Nd2 Qd4 29. Qc2 Rec8 30. Nb3 Qa7 31. c5 Bb5 32. c6 g6 33. Qc1 Kg7 34. Nd2 Qd4 35. Nc2 Qa7 36. Ra3 h5 37. Ne3 Qd4 38. Nc2 Qc5 39. Rbb3 Be2 40. Rc3 Qa7 41. Qe1 Bb5 42.
Ne3 Qd4 43. Nb3 Qb4 44. Nc1 Qxe4 45. Qd2 Qd4 46. Ra2 Qxd2 47. Rxd2 Ne4 48. Rdc2 Nxc3 49.
Rxc3 Ba4 50. Nd3 Rb3 51. Rxb3 Bxb3 52. Nb4 Ra8 53. g3 f5 54. f4 Kf6 55. h4 Ba4 56. Kf2 Bb5 57. Ke1 exf4 58. gxf4 Re8 59. Kd2 Re4 60.
Nbc2 Rxf4 61. Kc3 Rxh4 62. Nd4 Re4 63. Nxb5 axb5 64. Nc2 Ra4 65. Nd4 Rxa5 66. Ne6 Ra7 67. Kb4 h4 68. Kxb5 h3 69. Nxc7 Rxc7 70. Kb6 Rf7 71.
c7 Rxc7 72. Kxc7 Ke5 73. Kc6 h2 0-1

[Event "*** Titled Tuesday Blitz"]
[Site "Chess.com"]
[Date "2020.02.04"]
[Round "2"]
[White "masterofpuppets2"]
[Black "Siemba"]
[Result "1-0"]
[WhiteElo "2472"]
[BlackElo "2193"]
[TimeControl "180+2"]
[EndTime "13:27:02 PST"]
[Termination "masterofpuppets2 won by resignation"]

1. d4 d5 2. c4 c6 3. Nf3 Nf6 4. Nc3 e6 5. cxd5 exd5 6. Qc2 g6 7. Bg5 Bg7 8. e3 O-O 9. Bd3 Nbd7 10. O-O h6 11.
Bh4 Re8 12. h3 Nf8 13. Ne5 g5 14. Bg3 N6d7 15. f4 f6 16. Nxd7 Bxd7 17. fxg5 fxg5 18. Rf3 g4 19. hxg4 Bxg4 20. Rf4 h5 21. Raf1 Qe7 22. e4 Bxd4+ 23. Kh1 Ne6 24. Rf7 Qxf7 25. Rxf7 Kxf7 26. exd5 Nf8 27. dxc6 bxc6 28. Ne4 c5 29. Nxc5 Kg7 30.
Qc4 Bf6 31. b4 Rad8 32. Bf2 Re7 33. Ne4 Be5 34. Bc5 Red7 35. Nf2 Be6 36. Qe4 Kf6 37. Qf3+ Kg7 38. Qe3 Rd5 39. Qe4 Bf6 40. Qf3 Bg4 41.
Nxg4 hxg4 42. Qxg4+ Rg5 43. Qe4 Ng6 44. Kg1 Rh8 45.
a4 Rd8 46. Qb7+ Kh6 47. Qe4 Kg7 48. a5 Nf8 49. Bxa7 Rd7 50. Bc5 Rxc5 51. bxc5 Bd4+ 52. Kf1 Rf7+ 53. Ke2 Bf6 54. Qd5 Re7+ 55. Kd1 Rd7 56. Qe4 Rd4 57. Qf5 Kf7 58. c6 Ne6 59. Qh7+ Bg7 60.
Kc2 Ke7 61. c7 Kd7 62. Qg8 Kxc7 63. Qxe6 Rd7 64. Qb6+ 1-0

[Event "*** Titled Tuesday Blitz"]
[Site "Chess.com"]
[Date "2020.02.04"]
[Round "2"]
[White "Bulldog167"]
[Black "aa175"]
[Result "1/2-1/2"]
[WhiteElo "2667"]
[BlackElo "2272"]
[TimeControl "180+2"]
[EndTime "13:27:09 PST"]
[Termination "Game drawn by agreement"]

1. d4 Nf6 2. c4 g6 3. Nc3 d5 4.
Nf3 Bg7 5. Bg5 Ne4 6. cxd5 Nxg5 7. Nxg5 e6 8. Qd2 exd5 9. Qe3+ Kf8 10. Qf4 Bf5 11. g4 h6 12. Nxf7 Kxf7 13. gxf5 g5 14.
Qf3 Bxd4 15. Qxd5+ Qxd5 16. Nxd5 Bxb2 17. Rb1 Rd8 18.
e4 Be5 19. Rxb7 Nc6 20. Ba6 Rab8 21. O-O Rxb7 22. Bxb7 Nd4 23. Kg2 Rb8 24. Ba6 Rb2 25. Bc4 Ke8 26. Ne3 Bf4 27. Ng4 Nc2 28. Bb3 h5 29. Nf6+ Ke7 30. Nd5+ Kd6 31. f6 Ne3+ 32. Nxe3 Bxe3 33. e5+ Kxe5 34. Re1 Rxf2+ 35. Kg3 Kd4 36.
f7 h4+ 37. Kg4 Rf4+ 38. Kh5 Rf6 39. Rd1+ Ke5 40. Rd5+ Kf4 41. Rd8 Bc5 42. h3 Bd6 43.
Re8 a5 44. a4 Kf5 45. Re2 Kf4 46. Bd5 Kf5 47. Bc4 Bf8 48. Bd3+ Kf4 49. Re4+ Kg3 50. Kxg5 Rxf7 51. Rg4+ Kf3 52. Kxh4 Rf4 53. Be2+ Ke4 54. Kg3 Bd6 55. Rxf4+ Bxf4+ 56. Kg4 Ke5 57. h4 Bd2 58. Kh5 Kf6 59. Kg4 c5 60. h5 Kg7 61. Kf5 Kh6 62. Ke4 c4 63. Kd4 c3 64. Bd1 c2 65.
Bxc2 Kxh5 1/2-1/2

[Event "*** Titled Tuesday Blitz"]
[Site "Chess.com"]
[Date "2020.02.04"]
[Round "2"]
[White "Blitzstream"]
[Black "KRASAVCHIK2002"]
[Result "1/2-1/2"]
[WhiteElo "2724"]
[BlackElo "2511"]
[TimeControl "180+2"]
[EndTime "13:27:10 PST"]
[Termination "Game drawn by agreement"]

1. d4 Nf6 2. Bg5 e6 3. e4 h6 4. Bxf6 Qxf6 5. c3 d6 6. Bd3 g6 7. Ne2 Bg7 8. f4 c5 9. dxc5 dxc5 10. Nd2 O-O 11. e5 Qd8 12. Ne4 b6 13. O-O Ba6 14.
Nd6 Bxd3 15. Qxd3 Nc6 16. Rad1 Ne7 17. Ng3 Qc7 18. Nge4 Rad8 19. Qf3 Rd7 20. Rd2 Rfd8 21. Rfd1 a6 22. Qf2 Nf5 23. Nxf5 gxf5 24. Nf6+ Bxf6 25.
exf6 Rxd2 26. Qg3+ Kf8 27. Qg7+ Ke8 28. Qg8+ Kd7 29.
Rxd2+ Kc8 30. Rxd8+ Qxd8 31. Qxd8+ Kxd8 32. Kf2 Kd7 33. Kg3 Kd6 34. Kh4 e5 35. fxe5+ Kxe5 36. Kh5 Kxf6 37. Kxh6 f4 38. h4 Kf5 39. Kh5 c4 40. b3 b5 41. b4 f6 42. Kh6 Kg4 43. h5 Kg3 44. Kg6 Kxg2 45. h6 f3 46. h7 f2 47. h8=Q f1=Q 48. Qa8+ Qf3 49. Qxa6 Qd3+ 50. Kxf6 Qxc3+ 51. Ke6 Qxb4 52. Kd5 c3 53. Qg6+ Kf2 54. Qc2+ Ke3 55. Qc1+ Kf2 56. Qc2+ Kg3 57. Qd3+ Kf4 58. Qf1+ Kg5 59. Qg1+ Kf6 60. Qb6+ Kf7 61. Qe6+ Kf8 62. Qc8+ Ke7 63. Qe6+ Kd8 64. Qb6+ Kc8 65. Qc6+ Kd8 66. Qb6+ Ke7 67. Qe6+ Kf8 68. Qc8+ 1/2-1/2

[Event "*** Titled Tuesday Blitz"]
[Site "Chess.com"]
[Date "2020.02.04"]
[Round "2"]
[White "Heineccius"]
[Black "ruvat"]
[Result "0-1"]
[WhiteElo "2662"]
[BlackElo "2413"]
[TimeControl "180+2"]
[EndTime "13:27:12 PST"]
[Termination "ruvat won by resignation"]

1. d4 d6 2. c4 e5 3. Nf3 e4 4. Nfd2 f5 5. Nc3 Nf6 6. e3 g6 7. f3 exf3 8. Nxf3 Bg7 9. Bd3 O-O 10. O-O c5 11. Bd2 Nc6 12. a3 Bd7 13. d5 Ne5 14.
Be2 Nfg4 15. h3 Nxf3+ 16. Bxf3 Ne5 17. Be2 Qe7 18. Qc2 Rae8 19. Rae1 b6 20. b3 Nf7 21.
Bd3 Ne5 22. Be2 Nf7 23. a4 Qh4 24. Bf3 Ne5 25. Ne2 Nxf3+ 26. Rxf3 Qe4 27. Qxe4 Rxe4 28. Bc3 Rfe8 29. Bxg7 Kxg7 30. Nc3 R4e7 31. h4 a6 32.
Kf2 h6 33. Rg3 Kf7 34. Ne2 Re4 35. Nf4 Rg8 36. Ra1 g5 37. hxg5 hxg5 38. Ne2 f4 39.
exf4 gxf4 40. Rxg8 Kxg8 41. Re1 Bg4 42. Nc3 Rxe1 43.
Kxe1 Kf7 44. Ne4 Ke7 45. Kd2 Bf5 46. Ng5 Kf6 47. Nf3 Be4 48. Ke2 Bc2 49. Nd2 Kf5 50.
Kf3 Bd1+ 51. Kf2 Ke5 52. Nf3+ Ke4 53. Ng5+ Kd4 54. Nf7 Bxb3 55. Nxd6 Bxa4 56. Nc8 b5 57. Nb6 Ke5 58. Ke2 Bb3 59. cxb5 axb5 60. Nd7+ Kxd5 61. Nf6+ Kd4 62. Nh5 Bc4+ 63. Kd2 Ke5 64. g3 f3 65. Nf4 f2 0-1

[Event "*** Titled Tuesday Blitz"]
[Site "Chess.com"]
[Date "2020.02.04"]
[Round "2"]
[White "Lagmantr"]
[Black "WPWPWP-2015"]
[Result "1-0"]
[WhiteElo "2756"]
[BlackElo "2524"]
[TimeControl "180+2"]
[EndTime "13:27:16 PST"]
[Termination "Lagmantr won by checkmate"]

1. e4 e5 2. Nf3 Nc6 3. Nc3 Nf6 4. Be2 Be7 5. O-O O-O 6. d4 d6 7. Bg5 h6 8. dxe5 hxg5 9. exf6 Bxf6 10. Qd2 g4 11. Ne1 Bg5 12. Qd1 Ne5 13. Nd3 Qd7 14. Nxe5 dxe5 15. Qxd7 Bxd7 16. Rad1 Be6 17. Nd5 Rac8 18.
b3 c6 19. Nb4 Rfd8 20. Nd3 f6 21. Nc5 Kf7 22. Nxe6 Kxe6 23. Bxg4+ Ke7 24. Bxc8 Rxc8 25. Rd3 Rc7 26. Rfd1 c5 27. c4 g6 28. Rd8 Bh6 29. Rh8 Bg7 30. Ra8 b6 31. Rdd8 f5 32. f3 Bf6 33.
Kf2 Ke6 34. Re8+ Be7 35. Ke2 Rd7 36. Rh8 Bf6 37. Rh6 fxe4 38. Rxg6 exf3+ 39. gxf3 Kf5 40. Rh6 Rf7 41. h4 Kf4 42. h5 Bg5 43. Rg6 Kf5 44. Rag8 Bf4 45. h6 Rd7 46. Rc6 Rd2+ 47. Ke1 Rh2 48. Rh8 Rh1+ 49. Kf2 Rh2+ 50. Kg1 Rh3 51.
h7 e4 52. Rf8+ Ke5 53. h8=Q+ Rxh8 54. Rxh8 exf3 55. Kf2 Ke4 56. Re6+ Kd3 57. Rh3 Kc2 58. Rxf3 Bg5 59. Re2+ Kd1 60. Rd3+ Kc1 61. Rh3 Kb1 62. Rh1+ Bc1 63. a4 a5 64. Rf1 Ka1 65. Rxc1# 1-0

[Event "*** Titled Tuesday Blitz"]
[Site "Chess.com"]
[Date "2020.02.04"]
[Round "2"]
[White "obliviate12"]
[Black "vova-79"]
[Result "1-0"]
[WhiteElo "2846"]
[BlackElo "2458"]
[TimeControl "180+2"]
[EndTime "13:27:19 PST"]
[Termination "obliviate12 won by resignation"]

1. e4 e6 2. d4 d5 3. Nc3 dxe4 4. Nxe4 Nd7 5. Nf3 Ngf6 6. Nxf6+ Nxf6 7. g3 b6 8. Bb5+ Bd7 9. a4 a6 10. Be2 Bc6 11.
O-O Bd6 12. Ne5 Bxe5 13. dxe5 Qd5 14. Qxd5 Nxd5 15. a5 b5 16. Bd2 Ne7 17. Rfc1 O-O-O 18. Bg5 Rhe8 19. c4 h6 20. Bxe7 Rxe7 21. cxb5 Bxb5 22.
Bxb5 axb5 23. a6 Kb8 24. f4 Ka7 25. Rc5 Rd5 26. Rxd5 exd5 27. Ra5 c6 28. Kf2 Kb6 29. b4 Ra7 30. Ke3 c5 31. Ra1 cxb4 32. Kd4 Rxa6 33.
Rb1 Ra2 34. Kxd5 Rd2+ 35. Ke4 Kc5 36. Rc1+ Kb6 37. Rb1 Kc5 38. f5 Re2+ 39. Kf4 Kc4 40.
Rc1+ Kd4 41. Rd1+ Kc3 42. Rc1+ Kb2 43. Rc7 b3 44. Rxf7 Kc1 45. Rc7+ Rc2 46. Rb7 b2 47. Rxb5 Rf2+ 48. Ke4 Re2+ 49. Kd5 Rd2+ 50. Ke6 b1=Q 51. Rxb1+ Kxb1 52. Kf7 Rf2 53. g4 Rxh2 54. e6 h5 55. e7 Re2 56. gxh5 Kc2 57. e8=Q Rxe8 58. Kxe8 Kd3 59. Kf7 Ke4 60. Kxg7 1-0

[Event "*** Titled Tuesday Blitz"]
[Site "Chess.com"]
[Date "2020.02.04"]
[Round "2"]
[White "ChessLover0108"]
[Black "kingofthenil"]
[Result "1-0"]
[WhiteElo "2726"]
[BlackElo "2479"]
[TimeControl "180+2"]
[EndTime "13:27:30 PST"]
[Termination "ChessLover0108 won by checkmate"]

1. d4 Nf6 2. c4 c5 3. d5 e6 4. Nc3 exd5 5. cxd5 d6 6. Nf3 g6 7. Bf4 a6 8. a4 Bg7 9. h3 O-O 10. e3 Ne8 11. Be2 Nd7 12. O-O Ne5 13. Nd2 f5 14. a5 Bd7 15. Qb3 Rb8 16. Bg3 b5 17. axb6 Rxb6 18. Qc2 Qb8 19. b3 Nc7 20. Bxe5 dxe5 21. Nc4 Rxb3 22. d6 Ne8 23. Rxa6 Be6 24. Na4 Qb4 25.
Rb6 Qxa4 26. Rxb3 Nxd6 27. Rc3 Qxc2 28. Rxc2 Nf7 29. Na5 Rc8 30. Rfc1 Bf8 31. Nb7 Bd5 32. Nxc5 Bd6 33. Na4 Rxc2 34. Rxc2 Bb3 35. Rc8+ Kg7 36. Nb6 Be6 37. Rc6 Kf6 38. Nc4 Be7 39. Nb6 Nd6 40. Rc7 e4 41. Nd7+ Bxd7 42. Rxd7 Nf7 43. Ra7 h5 44. Bc4 Nd6 45. Bb3 Nb5 46. Ra6+ Nd6 47.
h4 Ke5 48. g3 Kf6 49. Kf1 Ke5 50.
Ke2 Bf8 51. Ra8 Be7 52. Bg8 Kf6 53. Bd5 Ke5 54. Bc6 Kf6 55. Rg8 Kf7 56. Bd5+ Kf6 57. Kd2 Ke5 58. Bb3 Kf6 59. Kc3 Nb5+ 60. Kc4 Nd6+ 61. Kd5 Nb5 62. Kc6 Nc3 63. Kd7 Nb5 64. Rh8 Ba3 65. Rh7 Nd6 66. Re7 Bb4 67. Re6+ Kg7 68.
Rxd6 Bxd6 69. Kxd6 Kf6 70. Bd1 Kg7 71. Ke6 Kg8 72.
Bxh5 Kh7 73. Kf6 gxh5 74. Kxf5 Kh6 75. Kxe4 Kg6 76. Kf4 Kf6 77. e4 Kg6 78. e5 Kf7 79. Ke4 Ke6 80. f4 Ke7 81. f5 Kf7 82. Kf4 Kg7 83.
Kg5 Kh7 84. e6 Kg7 85. f6+ Kh7 86. e7 Kg8 87. e8=Q+ Kh7 88. Qg6+ Kh8 89. Qg7# 1-0

[Event "*** Titled Tuesday Blitz"]
[Site "Chess.com"]
[Date "2020.02.04"]
[Round "2"]
[White "iturrizaga"]
[Black "dmosesov"]
[Result "1/2-1/2"]
[WhiteElo "2867"]
[BlackElo "2585"]
[TimeControl "180+2"]
[EndTime "13:27:31 PST"]
[Termination "Game drawn by repetition"]

1. c4 e6 2. g3 d5 3. Bg2 Nf6 4. d4 Bb4+ 5. Bd2 Be7 6. Nf3 O-O 7. O-O c6 8. Bc3 Ne4 9. Nbd2 f5 10. Ne5 Nd7 11. Nd3 Ndf6 12. Qb3 a5 13. a4 b6 14. Ne5 Qc7 15. Ndf3 Ba6 16. Rac1 Rac8 17. Rfd1 Qb7 18. Be1 Nd6 19. Ng5 Nxc4 20. Nxe6 Rfe8 21. Nxc4 Bxc4 22. Rxc4 dxc4 23. Qxc4 Nd5 24. Rc1 Bf6 25. Nf4 Kh8 26. e3 Qd7 27. Nd3 Qd6 28. Bd2 g6 29. h4 Kg7 30. b3 Red8 31. Qa6 Qd7 32. Rc2 Ra8 33. Qc4 Rac8 34. Ne5 Bxe5 35. dxe5 Qe6 36. f4 Kf7 37. Kf2 Ne7 38. Bf1 Qxc4 39. Bxc4+ Nd5 40.
Kf3 Ke7 41. e4 fxe4+ 42. Kxe4 b5 43. Bd3 bxa4 44. bxa4 Nb4 45. Bxb4+ axb4 46. Rc5 Rd5 47. Rc4 Rb8 48. Rxc6 Rd7 49. Bb5 b3 50. Rc3 b2 51.
Rb3 Rd2 52. g4 Rc8 53. Ke3 Rg2 54. Be2 Rc2 55. Bf3 Rg3 56. Rb7+ Kd8 57. e6 Rc3+ 58. Ke4 Rgxf3 59. Rxb2 Rfe3+ 60. Kd4 Rcd3+ 61. Kc4 Ra3 62. f5 gxf5 63. gxf5 Rxa4+ 64. Kd5 Rf4 65. Rb8+ Ke7 66.
Rb7+ Ke8 67. Rf7 Rf1 68. Kd4 Re2 69. h5 h6 70. Rf6 Ke7 71. Rf7+ Ke8 72. Rf6 Rd1+ 73.
Kc3 Rf1 74. Kd4 1/2-1/2

[Event "*** Titled Tuesday Blitz"]
[Site "Chess.com"]
[Date "2020.02.04"]
[Round "2"]
[White "RitvarsReimanis"]
[Black "Msb2"]
[Result "1/2-1/2"]
[WhiteElo "2571"]
[BlackElo "2843"]
[TimeControl "180+2"]
[EndTime "13:27:55 PST"]
[Termination "Game drawn - insufficient material"]

1. d4 Nf6 2. c4 e6 3. Nf3 d5 4. Nc3 Bb4 5. Qc2 dxc4 6. g3 b5 7. Bg2 Bb7 8. O-O a6 9. a4 c6 10.
Ne5 Nd5 11. Ne4 Nd7 12. Bd2 Be7 13. b3 Nxe5 14. dxe5 cxb3 15. Qxb3 O-O 16. h4 Qc7 17. Qb2 b4 18. Rfc1 c5 19. Bxb4 Nxb4 20. Qxb4 Bd5 21. Qc3 Rfc8 22. Rab1 Rab8 23. Rxb8 Qxb8 24. Nd2 c4 25. e4 Bb4 26. Qc2 Bxd2 27. Qxd2 Ba8 28. Qd4 Qb3 29. Qd7 Rf8 30. a5 Qb5 31. Qc7 Bc6 32.
Bf1 Bxe4 33. Bxc4 Qb2 34. Bf1 h6 35. Bxa6 Bd5 36. Bf1 Qb4 37. Bg2 Bxg2 38. Kxg2 Qe4+ 39. Kg1 Ra8 40. Qc5 g5 41. hxg5 hxg5 42. Rc4 Qe1+ 43. Kg2 Qxa5 44. Qxa5 Rxa5 45. Re4 Kg7 46. Re1 Kg6 47.
g4 Ra3 48. f3 Kg7 49. Kg3 Kf8 50. Re2 Ke7 51. Rb2 Ra5 52. Re2 Rd5 53. Re1 Kd7 54.
Re2 Kc6 55. Rc2+ Kd7 56. Re2 Rd3 57. Re1 Kc6 58. Rc1+ Kd7 59. Re1 Rd2 60. Re3 Rd5 61.
Re1 Kc6 62. Rc1+ Rc5 63. Ra1 Rxe5 64. Ra7 f5 65. gxf5 exf5 66. Rg7 Kd6 67. Rxg5 Ra5 68. Kf4 Ke6 69. Rg6+ Kf7 70. Rb6 Rc5 71. Kg5 Kg7 72. Rb7+ Kf8 73. Kf6 Rc6+ 74. Kxf5 Ra6 75. Kg5 Rc6 76. f4 Ra6 77. f5 Rc6 78. Ra7 Rb6 79. Rh7 Rc6 80. Rh6 Rxh6 81. Kxh6 Kf7 82. Kg5 Kg7 83. f6+ Kf7 84. Kf5 Kf8 85. Ke6 Ke8 86.
Ke5 Kf7 87. Kf5 Kf8 88. Kg6 Kg8 89. f7+ Kf8 90. Kg5 Kg7 91. Kf5 Kxf7 1/2-1/2

[Event "*** Titled Tuesday Blitz"]
[Site "Chess.com"]
[Date "2020.02.04"]
[Round "2"]
[White "valeriocarnicelli"]
[Black "czasnaszachy"]
[Result "1/2-1/2"]
[WhiteElo "2504"]
[BlackElo "2299"]
[TimeControl "180+2"]
[EndTime "13:28:01 PST"]
[Termination "Game drawn - insufficient material"]

1. e4 c5 2. Nf3 d6 3. d4 cxd4 4. Nxd4 Nf6 5. Nc3 a6 6. f3 e5 7. Nb3 Be6 8. Be3 Nbd7 9. Qd2 Be7 10. O-O-O O-O 11. g4 b5 12. g5 b4 13. Ne2 Ne8 14. f4 a5 15. f5 a4 16. Nbd4 exd4 17.
Nxd4 b3 18. Kb1 bxa2+ 19. Ka1 Bb3 20. cxb3 Nc5 21. b4 Nb3+ 22. Nxb3 axb3 23. Rg1 Kh8 24. Bc4 Nc7 25. Bd4 d5 26. f6 dxc4 27. fxg7+ Kg8 28. gxf8=Q+ Qxf8 29. g6 hxg6 30. h4 Bxb4 31. Qf2 Ne6 32. Be5 c3 33. Qf6 Qg7 34. Qxg7+ Nxg7 35. Bxc3 Bxc3 36.
bxc3 Ne6 37. Rd5 Rb8 38. Kb2 Nf4 39. Rd2 Ne6 40. Rd5 Nf4 41. Rd2 Ne6 42. Ka1 Nc5 43. e5 Na4 44. Rgg2 Kg7 45. h5 b2+ 46. Rxb2 Nxb2 47.
hxg6 Nc4 48. gxf7+ Kxf7 49. Kxa2 Nxe5 50. c4 Nxc4 51.
Rf2+ Ke6 52. Rh2 Kd5 53. Rh5+ Ne5 54. Rg5 Kd4 55. Rh5 Nd3 56. Rh4+ Kc3 57. Rh3 Ra8+ 58. Kb1 Rb8+ 59. Ka2 Rb2+ 60. Ka3 Rb7 61. Ka4 Kc4 62. Ka5 Rb5+ 63. Ka6 Nc5+ 64. Ka7 Rb7+ 65. Ka8 Rd7 66. Rh4+ Kb5 67. Rh8 Kc6 68. Rh6+ Kc7 69. Ka7 Kc8+ 70. Kb6 Nb7 71. Rh8+ Nd8 72. Rg8 Rb7+ 73. Ka6 Rb1 74.
Ka5 Kc7 75. Ka4 Nc6 76. Ka3 Kb6 77. Rg6 Rb5 78. Ka2 Kc5 79. Rg5+ Kc4 80. Rxb5 Kxb5 1/2-1/2

[Event "*** Titled Tuesday Blitz"]
[Site "Chess.com"]
[Date "2020.02.04"]
[Round "2"]
[White "Misha_Bilous"]
[Black "Chessalary"]
[Result "0-1"]
[WhiteElo "2431"]
[BlackElo "2172"]
[TimeControl "180+2"]
[EndTime "13:28:15 PST"]
[Termination "Chessalary won by resignation"]

1. d4 d5 2. c4 e6 3. Nc3 c6 4. e3 Nf6 5. Nf3 Nbd7 6. b3 b6 7. Qc2 Bb7 8. Bb2 Bd6 9. Be2 O-O 10. O-O Qe7 11. Rad1 dxc4 12. bxc4 e5 13. d5 cxd5 14.
cxd5 a6 15. e4 b5 16. Nd2 Rac8 17. Qb1 Nb6 18. Nb3 b4 19. Na5 bxc3 20. Bxc3 Rxc3 21.
Qxb6 Rb8 22. Nxb7 Rxb7 23. Qxa6 Qc7 24. a4 Nxe4 25. Ra1 Nc5 26. Qa8+ Rb8 27. Qc6 Qxc6 28. dxc6 Nb3 29. Rab1 Ra8 30. Bb5 Nd2 31. Rbd1 Rc2 32.
Rfe1 e4 33. Re2 Bb4 34. h3 f5 35. c7 Rc8 36. Bd7 R8xc7 37. Bxf5 Re7 38. Re3 Ra2 39. Bg4 Rxa4 40. Be2 Kf8 41. Bb5 Ra2 42. Bc6 Re5 43. Rc1 Ke7 44. Bb7 Bd6 45. Bc8 Rc5 46. Rd1 Rca5 47. g3 Ra1 48. Rxa1 Rxa1+ 49. Kg2 Bc5 50. Re2 Rd1 51. Rxe4+ Nxe4 52. Bg4 Rd2 53. Kf3 Rxf2+ 54. Kxe4 Rg2 55. Kf3 Rg1 56. Bf5 g6 57. Be4 Bd6 58. g4 Rg3+ 59. Kf2 Rxh3 60. Bf3 h5 61. g5 Ke6 62. Be4 Rh4 63. Bxg6 Bf4 64. Bb1 Bxg5 65.
Kg3 Rb4 66. Ba2+ Ke5 67. Bf7 h4+ 68. Kh3 Rb3+ 69. Kg4 Rg3+ 70. Kh5 h3 71. Be8 h2 72. Bc6 Kf4 73. Bh1 Rg1 0-1

[Event "*** Titled Tuesday Blitz"]
[Site "Chess.com"]
[Date "2020.02.04"]
[Round "2"]
[White "olksuna"]
[Black "rasmussvane"]
[Result "0-1"]
[WhiteElo "2572"]
[BlackElo "2873"]
[TimeControl "180+2"]
[EndTime "13:28:16 PST"]
[Termination "rasmussvane won on time"]

1. d4 d5 2. c4 e6 3. Nc3 a6 4. cxd5 exd5 5. Nf3 Nf6 6. Bg5 Be6 7.
e3 Nbd7 8. Bd3 Bd6 9. O-O c6 10.
Bf4 Qc7 11. Bxd6 Qxd6 12. h3 O-O 13. Rc1 g6 14. Re1 Qe7 15. Nd2 Rfd8 16. Qf3 Nb6 17. a3 Kg7 18. Qf4 Nc8 19. Nb3 Nd6 20. Nc5 Re8 21. b4 Bf5 22. Bxf5 Nxf5 23. Nd3 Nd6 24.
Ne5 Nd7 25. Nxd7 Qxd7 26. a4 Nc4 27. e4 dxe4 28. Nxe4 Qxd4 29. Rcd1 Qe5 30. Qh4 b5 31. Ng5 Qxe1+ 32. Rxe1 Rxe1+ 33. Kh2 h6 34. Qd4+ Kg8 35. Ne4 Rxe4 36. Qxe4 Rc8 37. a5 Kf8 38. Qd4 Ke7 39. Qa7+ Ke6 40. Qxa6 Rc7 41. Qa8 Kd7 42. a6 Nd6 43.
Qf8 h5 44. h4 Ra7 45. Qg7 Rxa6 46. Qd4 Ra2 47. f3 Rc2 48. Qa7+ Ke6 49. Qe3+ Kd7 50.
Kh3 Rc4 51. Qd2 Ke6 52. g4 hxg4+ 53. fxg4 f5 54. g5 Re4 55. h5 gxh5 56. g6 Rg4 57. Qh6 Ne4 58. g7+ Nf6 59. Qe3+ Kf7 60. Qc5 Kxg7 61.
Qxc6 Rxb4 62. Qc7+ Kg6 63. Qg3+ Rg4 64. Qb8 b4 65.
Qb7 Re4 66. Qb6 Kg5 67. Qg1+ Ng4 68. Qc1+ Re3+ 69. Kg2 h4 70. Qc8 h3+ 71. Kf1 h2 72.
Qg8+ Kf4 73. Qb8+ Kg5 74. Qg8+ Kf4 75. Qb8+ Re5 76. Kg2 b3 77. Qd6 b2 78. Qd2+ Re3 79. Qxb2 Rg3+ 0-1

[Event "*** Titled Tuesday Blitz"]
[Site "Chess.com"]
[Date "2020.02.04"]
[Round "2"]
[White "DamianoLew95"]
[Black "Galiev_Azat"]
[Result "1-0"]
[WhiteElo "2585"]
[BlackElo "2262"]
[TimeControl "180+2"]
[EndTime "13:28:22 PST"]
[Termination "DamianoLew95 won by resignation"]

1. d4 Nf6 2. Nf3 e6 3. Bf4 c5 4. e3 Nc6 5. c3 d5 6. Nbd2 Qb6 7. Qb3 c4 8. Qc2 Nh5 9. Bg3 Nxg3 10. hxg3 g6 11.
e4 Bg7 12. Be2 Bd7 13. b3 cxb3 14. Qxb3 Qxb3 15. axb3 a6 16. b4 Rc8 17. exd5 exd5 18.
Nb3 Na7 19. Kd2 O-O 20. Nc5 Bb5 21. Bd1 Rc7 22. Bb3 Bc4 23. Bxc4 dxc4 24. Ng5 h5 25. f4 Re8 26. Rhe1 Rxe1 27. Rxe1 Nb5 28. Re8+ Bf8 29.
Rb8 Nd6 30. Nge4 Nxe4+ 31. Nxe4 Kg7 32. Nc5 Bxc5 33. bxc5 Kf6 34. Ke3 Ke6 35. Re8+ Kd7 36. Ra8 Kc6 37. Kd2 Kb5 38. Rd8 a5 39. Rd6 a4 40.
Rb6+ Ka5 41. Rb4 Rd7 42. Kc2 Re7 43. Rxc4 Re2+ 44. Kb1 Rxg2 45. d5 Rd2 46. c6 bxc6 47. dxc6 Rd8 48. c7 Rc8 49. Kb2 Kb6 50. Rxa4 Rxc7 51. Kc2 Kc5 52. Kd3 Kd5 53. Ra5+ Ke6 54. c4 Rd7+ 55. Ke4 Rd1 56. Ra6+ Ke7 57. Ra7+ Ke6 58.
c5 Rc1 59. Ra6+ Ke7 60. c6 Kd6 61. c7+ Kd7 62. Ke5 Rg1 63. Rc6 Kc8 64. Kf6 Rxg3 65. Kxf7 Rf3 66. Rf6 h4 67. Kxg6 h3 68. Kf5 h2 69.
Rh6 Kxc7 70. Rxh2 Kd7 71. Re2 Rf1 72. Kg5 Rg1+ 73. Kf6 Rf1 74. f5 Kd8 75. Kg6 Rg1+ 76. Kf7 Rf1 77. f6 Rh1 78. Kg7 Rg1+ 79. Kf8 Kd7 80.
f7 Rg3 81. Rd2+ Kc8 82. Rd5 Kc7 83. Ke7 Re3+ 84. Kf6 Rf3+ 85. Rf5 Rxf5+ 86. Kxf5 Kd7 1-0

[Event "*** Titled Tuesday Blitz"]
[Site "Chess.com"]
[Date "2020.02.04"]
[Round "2"]
[White "AntonSmirnov"]
[Black "Sutormin_DA"]
[Result "1/2-1/2"]
[WhiteElo "2891"]
[BlackElo "2607"]
[TimeControl "180+2"]
[EndTime "13:28:30 PST"]
[Termination "Game drawn by stalemate"]

1. e4 e5 2. Nf3 Nc6 3. Bb5 Nf6 4. O-O Nxe4 5. d4 Nd6 6. Bxc6 dxc6 7. dxe5 Nf5 8. Qxd8+ Kxd8 9. Rd1+ Ke8 10. h3 Be7 11. Nc3 h5 12. Ne2 Be6 13. Nf4 Rh6 14.
Nd3 Rg6 15. Nf4 Rh6 16. Nxe6 Rxe6 17. Bf4 Rd8 18. g4 hxg4 19. hxg4 Rg6 20. Nh2 Nd4 21. Rd2 Rxg4+ 22. Nxg4 Nf3+ 23. Kg2 Nxd2 24. Rd1 Nc4 25.
Rxd8+ Kxd8 26. Bc1 a5 27. f4 g6 28. Ne3 Nxe3+ 29.
Bxe3 Kd7 30. Kf3 Ke6 31. Ke4 a4 32. b3 a3 33. c4 Bf8 34. Bd4 Bb4 35. Be3 b6 36. Bd4 Be7 37. Bc3 f6 38. exf6 Bxf6 39. Bb4 Be7 40. Bc3 b5 41. Be5 Bd6 42. Bc3 Bc5 43. Bd2 Bf8 44. Be3 Bb4 45. Bd4 Bd6 46.
Bc3 Kd7 47. Kf3 Be7 48. Be5 Bd8 49. Ke4 Be7 50. Bd4 Bf8 51. Be5 Bd6 52. Bc3 Ke6 53. Bd2 Be7 54. Ba5 Bd6 55. Be1 b4 56. Bf2 c5 57. Bh4 c6 58. Bg5 Bf8 59. Bh4 Bd6 60.
Bd8 Bf8 61. Bc7 Bg7 62. Kf3 Bf6 63. Kg4 Kd7 64. Bb8 Ke6 65. Ba7 Be7 66. Bb8 Bf6 67. Bc7 Be7 68. Be5 Bd8 69. Bh8 Be7 70. Bg7 Bd8 71.
Bf8 Be7 72. Bg7 Bd8 73. Be5 Be7 74. Bb8 Bd8 75. Ba7 Be7 76. Bb6 Kf6 77. Bc7 Ke6 78. Be5 Bd8 79. Bg7 Be7 80. Bh6 Bd8 81. Bf8 Be7 82.
Bxe7 Kxe7 83. Kg5 Kf7 84. f5 gxf5 85. Kxf5 Ke7 86. Ke5 Kd7 87. Kf6 Kd6 88. Kf7 Kd7 89. Kf8 Kd8 90. Kg7 Ke7 91. Kh6 Kf6 92. Kh5 Kf5 93. Kh4 Ke4 94. Kg3 Kd3 95. Kf2 Kc2 96. Ke2 Kb2 97. Kd2 Kxa2 98. Kc2 Ka1 99. Kc1 Ka2 100. Kc2 Ka1 101. Kc1 a2 102. Kc2 1/2-1/2

[Event "*** Titled Tuesday Blitz"]
[Site "Chess.com"]
[Date "2020.02.04"]
[Round "2"]
[White "vanyakuba"]
[Black "CM_Perligero"]
[Result "0-1"]
[WhiteElo "2411"]
[BlackElo "2093"]
[TimeControl "180+2"]
[EndTime "13:28:48 PST"]
[Termination "CM_Perligero won on time"]

1. e4 c5 2. c3 g6 3. d4 cxd4 4. cxd4 Bg7 5. Nc3 d6 6. Nf3 Bg4 7. Be3 Nf6 8. h3 Bxf3 9. Qxf3 Nc6 10. Rd1 O-O 11. e5 dxe5 12. dxe5 Nxe5 13. Qxb7 Qa5 14. Qb5 Qc7 15. Qc5 Qb8 16. Qa3 Rd8 17. Be2 Rxd1+ 18.
Nxd1 Nd5 19. O-O Nxe3 20. Nxe3 e6 21. Rd1 Qb6 22. Rd6 Qc7 23. Rd1 Rb8 24. b3 h5 25. Qc1 Qa5 26. Qd2 Qc5 27. Rc1 Qb6 28. Rd1 a5 29. Qd6 Qb7 30. Qd2 Qe4 31. Qc2 Qb7 32. Kf1 Qb4 33. Qd2 Qb6 34. Nc4 Nxc4 35.
Bxc4 Ra8 36. Qd6 Qb7 37. Qd7 Qb6 38. a4 Rb8 39. Qd6 Qb7 40. Qd3 Bf6 41. Qe2 Kg7 42. Rd3 Qb4 43. Qd1 Rc8 44. Rd7 Rxc4 45. bxc4 Qxc4+ 46. Kg1 e5 47. f3 e4 48. fxe4 Qxe4 49. Kh1 Bc3 50. Rd3 Qe5 51. Rd5 Qf6 52. Rd3 Bb4 53.
Rf3 Qe6 54. Qa1+ Kh7 55. Qf1 Kg7 56. Rd3 Bd6 57. Qd1 Bc7 58. Rd7 Qe5 59. Rxc7 Qxc7 60. Qd4+ Kh7 61. Qd2 Qb6 62. Qc2 Kg8 63. Qd1 Qb4 64.
Qc2 Kg7 65. Qd1 h4 66. Qc2 f5 67. Qc7+ Kh6 68. Qc2 f4 69. Qd1 Qe4 70. Qd8 Qe1+ 71. Kh2 Qg3+ 72. Kh1 f3 73. Qh8+ Kg5 74. Qd8+ Kf5 75.
Qf8+ Ke4 76. Qa8+ Ke3 77. Qe8+ Kf2 0-1